 Dungeon Crawl Stone Soup version 0.27.1-4-g1640c2035a (webtiles) character file.

Game seed: 11507864948001776922

565 jjjjhere the Charlatan (level 7, -2/52 HPs)
             Began as a Gnoll Artificer on Nov 9, 2021.
             Slain by an ogre (28 damage)
             ... on level 6 of the Dungeon.
             The game lasted 00:07:28 (4056 turns).

jjjjhere the Charlatan (Gnoll Artificer)            Turns: 4056, Time: 00:07:28

Health: -2/52      AC: 15    Str: 13    XL:     7   Next: 32%
Magic:  10/10      EV:  7    Int: 11    God:
Gold:   169        SH:  0    Dex: 12    Spells: 10/10 levels left

rFire    . . .     SeeInvis .   w - +1 mace (distort)
rCold    . . .     Faith    .   (no shield)
rNeg     . . .     Spirit   .   x - +0 chain mail
rPois    .         Reflect  .   (no helmet)
rElec    .         Harm     .   (no cloak)
rCorr    .         Rampage  .   r - +0 pair of gloves
Will     .....                  (no boots)
Stlth    ..........             (no amulet)
HPRegen  0.17/turn              p - +4 ring of protection
MPRegen  0.12/turn              (no ring)

@: no status effects
A: fangs 1, strong nose, distributed training
a: no special abilities


You were on level 6 of the Dungeon.
You visited 1 branch of the dungeon, and saw 5 of its levels.

You collected 169 gold pieces.

Inventory:

Hand Weapons
 a - a +0 club
 f - a +1 dagger of speed
 w - a +1 mace of distortion (weapon)
Missiles
 i - 9 poisoned darts (quivered)
Armour
 b - a +0 leather armour
 q - a +0 scale mail
 r - a +0 pair of gloves (worn)
 x - a +0 chain mail (worn)
Jewellery
 p - a +4 ring of protection (left hand)
Wands
 c - a wand of flame (9)
 d - a wand of charming (8)
Scrolls
 k - a scroll of enchant weapon {unknown}
 l - 2 scrolls of vulnerability {unknown}
 o - a scroll of amnesia {unknown}
 s - a scroll of magic mapping {unknown}
 t - a scroll of teleportation {unknown}
 u - a scroll of acquirement {unknown}
Potions
 g - a potion of heal wounds
 h - a potion of invisibility
 j - a potion of curing
 m - a potion of might {unknown}
 n - a potion of berserk rage
 v - a potion of haste {unknown}
 z - a potion of cancellation {unknown}
Miscellaneous
 e - a piece from Xom's chessboard (15/15)


   Skills:
 + Level 3.5 Fighting
 + Level 2.4 Short Blades
 + Level 2.4 Long Blades
 + Level 2.4 Axes
 + Level 2.4 Maces & Flails
 + Level 2.4 Polearms
 + Level 2.4 Staves
 + Level 2.4 Slings
 + Level 2.4 Bows
 + Level 2.4 Crossbows
 + Level 2.4 Throwing
 + Level 5.2 Armour
 + Level 3.5 Dodging
 + Level 3.4 Stealth
 + Level 2.4 Shields
 + Level 2.4 Unarmed Combat
 + Level 2.4 Spellcasting
 + Level 2.0 Conjurations
 + Level 2.0 Hexes
 + Level 2.0 Summonings
 + Level 2.0 Necromancy
 + Level 2.0 Translocations
 + Level 2.0 Transmutations
 + Level 2.0 Fire Magic
 + Level 2.0 Ice Magic
 + Level 2.0 Air Magic
 + Level 2.0 Earth Magic
 + Level 2.0 Poison Magic
 + Level 2.6 Invocations
 + Level 7.0 Evocations


You had 10 spell levels left.
You didn't know any spells.
Your spell library was empty.

Dungeon Overview and Level Annotations

Branches:
Dungeon (4/15)
 Temple: D:4-7

Altars:
Hepliaklqana


Innate Abilities, Weirdness & Mutations

You have very sharp teeth.
Your uncanny sense of smell can sniff out nearby items.
Your experience applies equally to all skills.


Message History

There is an open door here.
Found a scroll labelled ZYJYDU HOUMY.
You now have 169 gold pieces (gained 9).
An ogre comes into view. It is wielding a +0 giant club.
The ogre shouts!
You see here a scroll labelled ZYJYDU HOUMY.
Throw: 13 darts (poison)
Press: ? - help, Q - select action, (/) - cycle Shift-Dir - straight line, f - ogre
Aim: an ogre, wielding a +0 giant club (73% to hit)
You throw a poisoned dart.
The poisoned dart closely misses the ogre.
l - 2 scrolls labelled ZYJYDU HOUMY (gained 1) Throw: 12 darts (poison)
Press: ? - help, Q - select action, (/) - cycle Shift-Dir - straight line, f/p - ogre
Aim: an ogre, wielding a +0 giant club (73% to hit)
You throw a poisoned dart.
The poisoned dart barely misses the ogre.
Throw: 11 darts (poison)
Press: ? - help, Q - select action, (/) - cycle Shift-Dir - straight line, f/p - ogre
Aim: an ogre, wielding a +0 giant club (73% to hit)
You throw a poisoned dart. The poisoned dart hits the ogre.
The ogre is poisoned.
Throw: 10 darts (poison)
Press: ? - help, Q - select action, (/) - cycle Shift-Dir - straight line, f/p - ogre
Aim: an ogre, wielding a +0 giant club (lightly wounded, poisoned, 72% to hit)
You throw a poisoned dart. The poisoned dart hits the ogre.
The ogre looks even sicker.
The ogre is lightly wounded.
You barely miss the ogre.
The ogre is lightly wounded.
The ogre hits you but does no damage.
Your chain mail prevents you from hitting the ogre.
The ogre is lightly wounded.
The ogre hits you with a +0 giant club!!
Ouch! That really hurt!
You sock the ogre!
Space bends around the ogre.
The ogre is severely wounded.
The ogre hits you with a +0 giant club!!
Ouch! That really hurt!
You die...

#......# #......#
#......######
#...........#
#...........#
#...........#
#...#...........#
#...#...........#
#...#####'#..@O(#
#.........#.....(....
#)........######.....
#..............+ ....
#..............# ..(
##..............# ..
#..........###+## .
#....##...†#
#....##....#


You could see an ogre (poisoned).

Vanquished Creatures
  Sigmund (D:3)
  2 black bears (D:6)
  A bullfrog (D:3)
  A scorpion (D:6)
  A hound (D:6)
  4 gnolls (D:3)
  An adder (D:3)
  A worm (D:3)
  3 dart slugs
  6 ball pythons
  2 bats (D:1)
  5 endoplasms
  2 giant cockroaches
  8 goblins
  9 hobgoblins
  4 jackals (D:1)
  A quokka (D:3)
  2 frilled lizards (D:3)
  5 kobolds
  4 rats
63 creatures vanquished.

Vanquished Creatures (collateral kills)
  A water moccasin (D:6)
  An orc priest (D:6)
  4 orcs (D:6)
  A goblin (D:3)
  A quokka (D:3)
8 creatures vanquished.

Vanquished Creatures (others)
  A centaur (D:6)
  A black bear (D:6)
  A worm (D:3)
3 creatures vanquished.

Grand Total: 74 creatures vanquished

Notes
Turn   | Place    | Note
-------+----------+-------------------------------------------
     0 | D:1      | jjjjhere the Gnoll Artificer began the quest for the Orb.
     0 | D:1      | Reached XP level 1. HP: 17/17 MP: 1/1
   280 | D:1      | Reached XP level 2. HP: 23/23 MP: 2/2
   448 | D:1      | Found a faded altar of an unknown god.
   591 | D:1      | Reached XP level 3. HP: 20/28 MP: 3/3
  1435 | D:2      | Found a hazy altar of Hepliaklqana.
  1449 | D:2      | Reached skill level 1 in Invocations
  2160 | D:2      | Reached skill level 1 in Short Blades
  2160 | D:2      | Reached skill level 1 in Long Blades
  2160 | D:2      | Reached skill level 1 in Axes
  2160 | D:2      | Reached skill level 1 in Maces & Flails
  2160 | D:2      | Reached skill level 1 in Polearms
  2160 | D:2      | Reached skill level 1 in Staves
  2160 | D:2      | Reached skill level 1 in Slings
  2160 | D:2      | Reached skill level 1 in Bows
  2160 | D:2      | Reached skill level 1 in Crossbows
  2160 | D:2      | Reached skill level 1 in Throwing
  2160 | D:2      | Reached skill level 1 in Shields
  2160 | D:2      | Reached skill level 1 in Unarmed Combat
  2160 | D:2      | Reached skill level 1 in Spellcasting
  2258 | D:3      | Reached XP level 4. HP: 34/34 MP: 5/5
  2352 | D:3      | Noticed Sigmund
  2397 | D:3      | Killed Sigmund
  2398 | D:3      | Reached skill level 1 in Conjurations
  2398 | D:3      | Reached skill level 1 in Hexes
  2398 | D:3      | Reached skill level 1 in Summonings
  2398 | D:3      | Reached skill level 1 in Necromancy
  2398 | D:3      | Reached skill level 1 in Translocations
  2398 | D:3      | Reached skill level 1 in Transmutations
  2398 | D:3      | Reached skill level 1 in Fire Magic
  2398 | D:3      | Reached skill level 1 in Ice Magic
  2398 | D:3      | Reached skill level 1 in Air Magic
  2398 | D:3      | Reached skill level 1 in Earth Magic
  2398 | D:3      | Reached skill level 1 in Poison Magic
  2695 | D:3      | Noticed a bullfrog
  2705 | D:3      | Killed a bullfrog
  2706 | D:3      | Reached XP level 5. HP: 41/41 MP: 5/7
  3393 | D:4      | You fall into a shaft and drop 2 floors!
  3393 | D:6      | Noticed a centaur
  3415 | D:6      | Reached XP level 6. HP: 43/47 MP: 8/8
  3418 | D:6      | Noticed a water moccasin
  3459 | D:6      | Noticed a black bear
  3470 | D:6      | HP: 10/47 [orc priest/divine providence (13)]
  3488 | D:6      | Reached skill level 5 in Armour
  3496 | D:6      | Killed a water moccasin
  3712 | D:6      | Noticed a black bear
  3734 | D:6      | Killed a black bear
  3945 | D:6      | Found a hazy altar of Hepliaklqana.
  3975 | D:6      | Reached XP level 7. HP: 52/52 MP: 10/10
  4021 | D:6      | Reached skill level 7 in Evocations
  4056 | D:6      | Slain by an ogre

Illustrated notes

Levels and vault maps discovered:
D:1:      heliophobic_arrival_battle_scene, layout_loops_ring, serial_aquarium,
          aquarium_bridge_square [aquarium_subvault_wall,
          aquarium_subvault_bridge, aquarium_subvault_bridge,
          aquarium_subvault_window], aquarium_bridge_long_separate
          [aquarium_subvault_wall, aquarium_subvault_bridge,
          aquarium_subvault_window, aquarium_subvault_wall,
          aquarium_subvault_bridge, aquarium_subvault_window],
          aquarium_window_3, aquarium_window_1, aquarium_view_2b,
          aquarium_view_2e, hellmonk_ecumenical_altar_dog_temple
D:2:      layout_basic, basic_altar
D:3:      layout_basic, bh_walls_and_bars, uniq_sigmund
D:4:      layout_cave_pods, minmay_temple_entry_enclosed_plants, serial_shops,
          nicolae_shop_overgrown_old_shop, serial_park_tiny_pond,
          chequers_avenue, uniq_edmund
D:6:      layout_gridville, worldfamousw_hep_ancestral_shrine

Skill      XL: |  1  2  3  4  5  6  7 |
---------------+----------------------+-----
Invocations    | 1 2 |  2.6
Short Blades   | 1 2 |  2.4
Long Blades    | 1 2 |  2.4
Axes           | 1 2 |  2.4
Maces & Flails | 1 2 |  2.4
Polearms       | 1 2 |  2.4
Staves         | 1 2 |  2.4
Slings         | 1 2 |  2.4
Bows           | 1 2 |  2.4
Crossbows      | 1 2 |  2.4
Throwing       | 1 2 |  2.4
Shields        | 1 2 |  2.4
Unarmed Combat | 1 2 |  2.4
Spellcasting   | 1 2 |  2.4
Conjurations   | 1 2 |  2.0
Hexes          | 1 2 |  2.0
Summonings     | 1 2 |  2.0
Necromancy     | 1 2 |  2.0
Translocations | 1 2 |  2.0
Transmutations | 1 2 |  2.0
Fire Magic     | 1 2 |  2.0
Ice Magic      | 1 2 |  2.0
Air Magic      | 1 2 |  2.0
Earth Magic    | 1 2 |  2.0
Poison Magic   | 1 2 |  2.0
Fighting       | 3 |  3.5
Dodging        | 3 |  3.5
Stealth        | 3 |  3.4
Armour         | 5 |  5.2
Evocations     | 7 |  7.0

Action                   |  1- 3 |  4- 6 |  7- 9 || total
-------------------------+-------+-------+-------++-------
Melee: Dagger            |   169 |   110 |       ||   279
       Bite              |    19 |     9 |     1 ||    29
       Punch             |       |     1 |       ||     1
       Mace              |       |     1 |     7 ||     8
Throw: Dart              |     4 |    26 |     9 ||    39
Evoke: Wand              |       |    13 |       ||    13
       Piece from Xom's  |       |     3 |       ||     3
  Use: Scroll            |     3 |     1 |       ||     4
       Potion            |       |     1 |       ||     1
 Stab: Sleeping          |     3 |       |       ||     3
       Confused          |       |     2 |       ||     2
Armor: Leather armour    |    23 |       |       ||    23
       Scale mail        |    11 |    19 |       ||    30
       Chain mail        |       |    48 |     2 ||    50
Dodge: Dodged            |    61 |    45 |     1 ||   107
